Map: Garden of Shadows

Players

Rugi

  • Race: Terran Terran
  • League: Diamond
  • Spawn Location: 11:00

Myran

  • Race: Protoss Protoss
  • Spawn Location: 1:00

dallaskuken

  • Race: Protoss Protoss
  • League: Platinum
  • Spawn Location: 1:00

Loken

  • Race: Zerg Zerg
  • Spawn Location: 11:00

MaSterChieF

  • Race: Terran Terran
  • Spawn Location: 5:00

Ender

  • Race: Zerg Zerg
  • League: Diamond
  • Spawn Location: 7:00

Tsakal

  • Race: Zerg Zerg
  • Spawn Location: 5:00

tigas

  • Race: Protoss Protoss
  • Spawn Location: 7:00

VOD

Have the link to the VOD?

Description

Time

  • Played on: March 11, 2017, 6:39 p.m.
  • Length: 18:33
Show
View Real Time Build Order
Export as new Build Order

Rugi Terran 

Build Orders: MMM Bio 

Get SALT Encoding   

  12  0:00  SCV  
  13  0:12  SCV  
  14  0:17  Supply Depot  
  14  0:28  SCV  
  15  0:40  SCV  
  16  0:53  SCV  
  17  1:01  Barracks  
  17  1:03  Barracks  
  17  1:06  SCV  
  18  1:18  SCV  
  18  1:22  Refinery  
  18  1:25  Supply Depot  
  19  1:30  SCV  
  20  1:48  Orbital Command, Marine  
  20  1:49  Marine  
  22  2:09  Bunker  
  22  2:14  Marine x2  
  24  2:17  SCV  
  25  2:29  SCV  
  26  2:32  Marine x2  
  26  2:33  Bunker  
  28  2:44  Bunker  
  28  2:49  Marine  
  28  2:50  Marine  
  30  2:54  SCV  
  31  2:59  Command Center  
  31  3:38  Supply Depot, Engineering Bay  
  31  3:49  Bunker  
  31  3:54  Marine  
  31  3:59  SCV, Marine  
  31  4:02  Barracks  
  33  4:03  Factory  
  32  4:11  SCV  
  32  4:12  Marine  
  32  4:15  Bunker  
  35  4:17  Marine  
  35  4:23  SCV  
  36  4:24  Orbital Command  
  35  4:40  Terran Infantry Weapons Level 1  
  35  4:43  SCV  
  35  4:44  Missile Turret  
  35  4:45  Missile Turret  
  36  4:54  Bunker  
  33  5:14  Factory Reactor, Barracks Tech Lab  
  28  5:17  Starport  
  28  5:18  SCV x2  
  29  5:28  Refinery  
  29  5:30  SCV x2  
  31  5:35  Stimpack  
  31  5:42  SCV x2  
  33  5:48  Supply Depot  
  30  5:50  Hellion  
  30  5:51  Hellion  
  30  5:54  SCV x2  
  38  5:59  Barracks Reactor  
  38  6:05  Marine  
  38  6:06  SCV  
  38  6:09  SCV, Starport Reactor  
  39  6:12  Barracks Reactor  
  39  6:14  Refinery  
  39  6:15  Hellion x2  
  39  6:18  SCV, Supply Depot  
  44  6:21  SCV  
  44  6:22  Armory  
  45  6:30  SCV  
  40  6:33  SCV  
  35  6:42  SCV  
  35  6:45  SCV  
  35  6:47  Marine x3, Medivac  
  39  6:52  Hellion x2  
  46  6:54  SCV, Medivac  
  46  6:57  SCV  
  50  7:01  Marine  
  50  7:02  Marine  
  50  7:05  Marine  
  50  7:06  SCV  
  50  7:07  Marauder  
  56  7:09  SCV  
  57  7:19  SCV  
  57  7:21  SCV  
  59  7:23  Hellion x2, Marine x4  
  59  7:25  Medivac  
  69  7:31  SCV  
  69  7:33  Supply Depot  
  69  7:36  Combat Shields  
  70  7:47  Marine x4  
  70  7:48  Marauder, Supply Depot  
  70  7:50  Supply Depot  
  76  7:59  Cyclone  
  76  8:00  Cyclone  
  76  8:01  SCV x2  
  76  8:05  Marine x2  
  86  8:22  Refinery  
  86  8:23  SCV  
  86  8:24  Medivac  
  89  8:37  SCV  
  89  8:38  Terran Infantry Weapons Level 2  
  90  8:42  Command Center  
  90  8:43  SCV  
  91  8:50  SCV  
  92  9:01  Marauder, Marine x3  
  97  9:06  Marine  
  98  9:18  Marine  
  93  9:28  Marine x3  
  93  9:29  Marauder  
  95  9:36  Marine  
  96  9:46  Marine  
  96  9:48  Marine x2  
  96  9:50  Marine  
  99  9:54  Marine  
  99  9:58  SCV  
  99  9:59  SCV  
  74  10:08  SCV  
  74  10:11  SCV  
  72  10:16  Barracks  
  72  10:17  Widow Mine x2  
  72  10:18  Medivac x2  
  72  10:19  Barracks, Marine x5  
  82  10:22  Barracks  
  82  10:27  SCV  
  82  10:28  Missile Turret  
  83  10:29  Planetary Fortress  
  83  10:31  Missile Turret  
  83  10:32  SCV  
  84  10:36  Marine  
  84  10:39  SCV  
  86  10:43  Marine x3  
  86  10:44  SCV  
  90  10:51  Widow Mine x2, SCV, Marine  
  90  10:54  Marine  
  97  11:01  Refinery  
  97  11:05  Refinery  
  97  11:06  Barracks Reactor, Barracks Tech Lab  
  97  11:08  Barracks Reactor  
  97  11:09  Concussive Shells  
  97  11:10  Marine  
  97  11:11  Marauder, Marine x2  
  102  11:12  SCV, Marine  
  102  11:13  SCV  
  105  11:19  SCV  
  105  11:25  SCV x2  
  108  11:29  Marauder, Marine x2  
  108  11:30  Marine x2  
  108  11:32  Marauder  
  116  11:34  Supply Depot x2  
  116  11:35  Supply Depot  
  116  11:44  Marine x3  
  116  11:45  Marine  
  120  11:47  Marine  
  120  11:48  Marine x2  
  120  11:49  Marine  
  120  11:52  Liberator  
  124  12:05  Marine  
  124  12:06  Marine x6  
  124  12:07  Marine x2  
  133  12:08  Medivac  
  138  12:21  Liberator  
  104  12:31  Marauder, Marine x6  
  104  12:32  Marauder, Marine  
  115  12:38  Barracks  
  115  12:40  Barracks  
  115  12:41  Marine  
  119  12:46  Widow Mine x2  
  119  12:48  Liberator  
  119  12:49  Marine x2  
  123  12:53  Marauder  
  123  12:55  Factory  
  125  13:03  Barracks Reactor  
  125  13:04  Liberator  
  128  13:12  Missile Turret  
  128  13:13  Starport  
  128  13:16  Marine x2  
  128  13:17  Barracks Reactor, Marine x5  
  128  13:18  Missile Turret  
  88  14:22  Marine x3  
  88  14:23  Marine  
  88  14:24  Marine x6  
  70  14:41  Marine  
  70  14:42  Marine x3, Command Center  
  74  14:50  Engineering Bay  
  74  14:54  Viking x2, Widow Mine x2  
  74  14:55  Widow Mine  
  74  14:56  Drilling Claws  
  69  15:19  Marine x5  
  59  15:23  Widow Mine  
  59  15:24  Marine x2  
  59  15:25  Marine x3  
  54  15:40  Marine  
  48  15:58  Marine x5  
  48  15:59  Marine  
  48  16:02  Marine  
  42  16:08  Marine x2  
  30  16:15  Marine  
  30  16:16  Marine x2  
  30  16:18  Marine  
  35  16:26  Marine x2  
  35  16:29  Marine  
  28  16:34  Marine  
  28  16:35  Marine x2  
  30  16:44  Marine x2  
  32  16:47  Marine  
  8  17:59  Barracks Reactor  
Show
View Real Time Build Order
Export as new Build Order

Myran Protoss 

Build Orders:  

Get SALT Encoding   

  12  0:01  Probe (Chrono Boost)  
  13  0:23  Probe (Chrono Boost)  
  14  0:32  Pylon  
  14  0:34  Probe (Chrono Boost)  
  15  0:51  Probe (Chrono Boost)  
  16  1:00  Pylon  
  16  1:10  Forge  
  16  1:14  Gateway  
  16  1:16  Probe (Chrono Boost)  
  17  1:25  Pylon  
  17  1:29  Probe (Chrono Boost)  
  18  1:40  Probe (Chrono Boost)  
  19  1:47  Photon Cannon  
  19  1:48  Photon Cannon  
  19  1:51  Probe (Chrono Boost)  
  20  2:00  Pylon  
  20  2:08  Photon Cannon  
  20  2:15  Probe (Chrono Boost)  
  21  2:25  Probe (Chrono Boost)  
  21  2:26  Photon Cannon  
  21  2:28  Pylon  
  22  2:43  Photon Cannon  
  22  2:49  Photon Cannon  
  22  2:50  Photon Cannon  
  22  2:52  Photon Cannon  
  22  2:56  Zealot  
  24  3:08  Pylon, Probe (Chrono Boost)  
  25  3:20  Zealot  
  27  3:28  Photon Cannon  
  27  3:52  Pylon  
  27  3:53  Pylon  
  25  3:58  Pylon  
  22  4:06  Zealot  
  3  4:30  Pylon  
  3  4:53  Photon Cannon  
  3  5:37  Probe (Chrono Boost)  
  4  5:48  Probe (Chrono Boost)  
  5  6:10  Probe (Chrono Boost)  
  7  6:33  Probe (Chrono Boost)  
  7  6:49  Probe (Chrono Boost)  
  8  7:02  Probe (Chrono Boost)  
  9  7:35  Probe (Chrono Boost)  
  11  7:51  Probe (Chrono Boost)  
  11  8:02  Probe (Chrono Boost)  
  12  8:10  Pylon  
  12  8:12  Probe (Chrono Boost)  
  13  8:13  Zealot  
  13  8:23  Probe (Chrono Boost)  
  14  8:33  Probe (Chrono Boost)  
  15  8:36  Cybernetics Core  
  15  8:44  Probe (Chrono Boost)  
  16  8:54  Probe (Chrono Boost)  
  17  9:05  Probe (Chrono Boost)  
  18  9:15  Probe (Chrono Boost)  
  19  9:26  Probe (Chrono Boost)  
  20  9:36  Nexus  
  20  9:40  Probe (Chrono Boost)  
  21  9:51  Probe (Chrono Boost)  
  22  10:01  Probe (Chrono Boost)  
  22  10:05  Assimilator  
  22  10:06  Assimilator  
  23  10:15  Probe (Chrono Boost)  
  24  10:25  Probe (Chrono Boost)  
  25  10:40  Warp Gate  
  25  10:41  Probe (Chrono Boost)  
  26  10:52  Probe (Chrono Boost)  
  26  10:55  Zealot  
  29  11:00  Probe (Chrono Boost)  
  29  11:02  Probe (Chrono Boost)  
  32  11:11  Probe (Chrono Boost)  
  32  11:21  Probe (Chrono Boost)  
  33  11:32  Probe (Chrono Boost)  
  35  11:33  Probe (Chrono Boost)  
  35  11:38  Gateway  
  35  11:39  Gateway  
  35  11:41  Gateway  
  35  11:44  Pylon  
  35  11:46  Pylon, Probe x2 (Chrono Boost)  
  37  11:50  Pylon  
  37  11:51  Assimilator  
  37  11:55  Assimilator  
  37  11:57  Probe (Chrono Boost)  
  37  11:58  Probe (Chrono Boost)  
  37  11:59  Pylon  
  39  12:02  Pylon  
  39  12:07  Probe (Chrono Boost)  
  40  12:18  Probe (Chrono Boost)  
  38  12:26  Nexus  
  38  12:28  Probe (Chrono Boost)  
  36  13:08  Probe (Chrono Boost)  
  37  13:18  Probe (Chrono Boost)  
  38  13:26  Nexus  
  37  13:29  Probe (Chrono Boost)  
  37  13:30  Pylon  
  38  13:39  Zealot  
  38  13:40  Zealot, Probe (Chrono Boost)  
  43  14:32  Nexus  
  43  14:39  Probe (Chrono Boost)  
  43  14:45  Stalker x2  
  48  14:46  Stalker x2  
  48  14:49  Probe (Chrono Boost)  
  53  15:00  Probe (Chrono Boost)  
  54  15:11  Probe (Chrono Boost)  
  55  15:22  Probe (Chrono Boost)  
  56  15:31  Pylon  
  56  15:32  Probe (Chrono Boost)  
  56  15:34  Pylon  
  58  15:43  Probe (Chrono Boost)  
  58  15:53  Probe (Chrono Boost)  
  58  15:54  Probe (Chrono Boost)  
  60  16:04  Probe (Chrono Boost)  
  61  16:05  Probe (Chrono Boost)  
  62  16:14  Twilight Council, Probe (Chrono Boost)  
  62  16:15  Probe (Chrono Boost)  
  62  16:18  Pylon  
  64  16:21  Pylon  
  64  16:25  Probe (Chrono Boost)  
  61  16:26  Probe (Chrono Boost)  
  61  16:32  Zealot x2  
  64  16:33  Zealot x2  
  64  16:36  Probe (Chrono Boost)  
  71  16:45  Gateway  
  71  16:46  Gateway  
  71  16:49  Gateway  
  71  16:58  Probe (Chrono Boost)  
  66  17:21  Stalker x2  
  66  17:22  Stalker x2  
  72  17:52  Stalker x4  
  72  17:53  Stalker x2  
  72  17:55  Stalker  
Show
View Real Time Build Order
Export as new Build Order

dallaskuken Protoss 

Build Orders: Oracle Opening 

Get SALT Encoding   

  12  0:01  Probe (Chrono Boost)  
  13  0:12  Probe (Chrono Boost)  
  14  0:19  Pylon  
  14  0:23  Probe (Chrono Boost)  
  15  0:37  Probe (Chrono Boost)  
  16  0:46  Gateway  
  16  0:47  Probe (Chrono Boost)  
  17  0:58  Probe (Chrono Boost)  
  17  1:00  Assimilator  
  18  1:09  Probe (Chrono Boost)  
  18  1:10  Assimilator  
  19  1:17  Pylon  
  19  1:19  Probe (Chrono Boost)  
  20  1:30  Probe (Chrono Boost)  
  21  1:35  Cybernetics Core  
  21  1:40  Probe (Chrono Boost)  
  22  1:50  Zealot  
  22  1:51  Probe (Chrono Boost)  
  26  2:01  Probe (Chrono Boost)  
  26  2:10  Pylon  
  26  2:12  Warp Gate, Probe (Chrono Boost)  
  27  2:22  Stalker  
  29  2:30  Stargate  
  29  2:32  Probe (Chrono Boost)  
  30  2:43  Probe (Chrono Boost)  
  16  3:32  Oracle  
  17  3:48  Probe (Chrono Boost)  
  17  4:00  Probe (Chrono Boost)  
  18  4:13  Probe (Chrono Boost)  
  16  4:24  Void Ray  
  17  4:25  Probe (Chrono Boost)  
  21  4:37  Probe (Chrono Boost)  
  20  4:49  Probe (Chrono Boost)  
  22  5:00  Pylon  
  22  5:01  Probe (Chrono Boost)  
  22  5:16  Pylon  
  22  5:41  Adept  
  24  5:43  Gateway  
  24  5:45  Gateway  
  24  5:48  Gateway  
  24  5:52  Pylon  
  24  5:54  Probe (Chrono Boost)  
  24  5:55  Pylon  
  25  6:06  Probe (Chrono Boost)  
  25  6:11  Void Ray  
  31  6:19  Probe (Chrono Boost)  
  28  6:31  Probe (Chrono Boost)  
  29  6:43  Probe (Chrono Boost)  
  30  6:52  Zealot  
  33  6:55  Probe (Chrono Boost)  
  33  6:56  Zealot  
  33  6:57  Zealot x2  
  39  7:02  Void Ray  
  39  7:07  Probe (Chrono Boost)  
  44  8:32  Void Ray  
  48  9:07  Stalker x3  
  54  9:19  Pylon  
  54  9:21  Pylon  
  54  9:23  Pylon  
  24  10:35  Void Ray  
  24  10:39  Probe (Chrono Boost)  
  29  10:49  Robotics Facility  
  30  10:51  Probe (Chrono Boost)  
  30  10:56  Stalker x2  
  30  10:57  Stalker x2  
  38  11:20  Nexus  
  38  11:34  Stalker x2  
  38  11:35  Stalker  
  38  12:32  Stalker  
  38  12:33  Stalker x3  
  38  13:12  Stalker x4  
  38  14:25  Fleet Beacon  
  38  14:30  Assimilator  
  38  14:32  Nexus  
  38  14:34  Assimilator  
  38  14:35  Assimilator  
  38  14:37  Probe (Chrono Boost)  
  39  14:40  Assimilator  
  39  14:48  Probe (Chrono Boost)  
  40  14:53  Observer  
  42  15:00  Probe (Chrono Boost)  
  42  15:11  Probe (Chrono Boost)  
  42  15:12  Probe (Chrono Boost)  
  44  15:21  Probe (Chrono Boost)  
  44  15:24  Probe (Chrono Boost)  
  46  15:32  Probe (Chrono Boost)  
  46  15:34  Stargate  
  48  15:35  Stargate  
  48  15:36  Probe (Chrono Boost)  
  49  15:43  Probe (Chrono Boost)  
  49  15:48  Probe (Chrono Boost)  
  50  15:53  Probe x2 (Chrono Boost)  
  52  16:00  Probe (Chrono Boost)  
  52  16:04  Probe (Chrono Boost)  
  55  16:13  Probe (Chrono Boost)  
  55  16:14  Probe (Chrono Boost)  
  56  16:25  Probe (Chrono Boost), Tempest  
  63  16:35  Probe (Chrono Boost)  
  63  16:36  Tempest  
  70  16:46  Probe (Chrono Boost)  
  71  17:07  Tempest  
  77  17:11  Tempest  
  83  17:16  Tempest  
  83  17:17  Probe (Chrono Boost)  
  90  17:28  Probe (Chrono Boost)  
  91  17:38  Probe (Chrono Boost)  
  91  17:44  Pylon  
  92  17:45  Pylon  
  92  17:48  Pylon  
  92  17:50  Pylon  
  92  17:52  Pylon  
  92  17:57  Pylon  
Show
View Real Time Build Order
Export as new Build Order

Loken Zerg 

Build Orders: Hatch First 

Get SALT Encoding   

  12  0:37  Drone x2  
  12  0:38  Hatchery  
  12  0:41  Drone  
  14  0:52  Overlord  
  14  1:14  Spawning Pool  
  14  1:16  Drone x2  
  15  1:20  Drone  
  16  1:31  Drone  
  17  1:42  Drone  
  18  1:52  Drone  
  18  1:53  Drone  
  20  2:05  Queen, Extractor  
  20  2:07  Queen  
  23  2:13  Drone  
  25  2:15  Drone  
  25  2:16  Drone  
  26  2:30  Drone  
  26  2:31  Drone  
  26  2:35  Overlord x2  
  28  2:41  Spine Crawler  
  28  2:43  Spine Crawler  
  26  2:50  Queen  
  28  2:55  Queen  
  30  3:05  Drone  
  30  3:06  Drone  
  30  3:10  Metabolic Boost  
  32  3:20  Drone x4  
  32  3:21  Drone  
  37  3:50  Zergling x2  
  37  3:51  Zergling x12  
  37  3:54  Overlord  
  37  3:55  Overlord x2  
  44  4:33  Drone x9  
  44  4:34  Drone x2  
  55  5:06  Lair  
  48  5:18  Zergling x2  
  48  5:19  Zergling x18  
  58  5:23  Extractor  
  58  5:24  Extractor  
  56  5:30  Hatchery  
  55  5:37  Extractor  
  54  5:45  Roach Warren  
  53  5:53  Zergling x20  
  63  6:10  Drone x5  
  68  6:31  Spire  
  67  7:07  Zergling x2  
  67  7:08  Zergling x12  
  74  7:11  Overlord  
  74  7:12  Overlord x7  
  74  7:18  Hatchery  
  74  7:21  Hatchery  
  72  7:28  Hatchery  
  71  7:35  Drone x2  
  71  7:36  Drone x8  
  80  7:47  Infestation Pit  
  75  8:16  Mutalisk x6  
  75  8:17  Mutalisk x3  
  71  8:36  Drone  
  71  8:37  Drone x2  
  74  8:57  Mutalisk x4  
  74  8:58  Mutalisk x4  
  90  9:10  Extractor  
  90  9:13  Extractor  
  88  9:20  Zergling x2  
  88  9:21  Zergling x38  
  88  9:22  Zergling x4  
  110  9:54  Zergling x10  
  110  9:55  Zergling x42  
  110  9:56  Zergling x4  
  116  11:06  Mutalisk  
  116  11:07  Mutalisk x13  
  116  11:11  Zergling x18  
  145  11:12  Zergling x6  
  103  11:50  Zergling x2  
  103  11:51  Zergling x26  
  103  11:52  Zergling x18  
  74  13:00  Hydralisk Den  
  52  13:34  Hive  
  52  13:35  Glial Reconstitution  
  52  13:39  Hydralisk x5  
  52  13:40  Hydralisk x11  
  41  15:35  Zergling x4  
  42  15:36  Zergling x22  
  54  15:52  Hatchery  
  53  16:32  Hatchery  
  7  17:44  Hatchery  
  7  17:50  Drone x3  
Show
View Real Time Build Order
Export as new Build Order

MaSterChieF Terran 

Build Orders: Command Center First (CC) 

Get SALT Encoding   

  12  0:01  SCV  
  13  0:13  SCV  
  14  0:25  SCV, Supply Depot  
  15  0:37  Refinery  
  15  0:45  Refinery  
  15  0:46  SCV  
  16  0:58  SCV  
  17  1:11  SCV  
  18  1:23  SCV  
  18  1:24  Command Center  
  19  1:35  SCV  
  20  1:47  SCV  
  20  1:48  Barracks  
  21  1:59  SCV  
  22  2:07  Supply Depot  
  22  2:11  SCV  
  23  2:22  Barracks  
  23  2:39  Marine  
  22  2:49  Factory  
  22  3:21  Refinery  
  22  3:26  Refinery  
  22  3:32  Barracks Tech Lab  
  22  3:37  Barracks Tech Lab  
  22  3:46  Ghost Academy  
  22  3:51  Factory Tech Lab  
  22  3:52  Starport  
  22  3:56  SCV  
  23  4:04  SCV  
  23  4:08  SCV  
  25  4:16  SCV  
  26  4:20  SCV  
  30  4:27  Personal Cloaking  
  30  4:28  SCV  
  30  4:30  Medivac  
  30  4:37  SCV  
  31  4:43  SCV  
  32  4:49  SCV  
  33  4:55  SCV  
  34  5:01  SCV, Ghost  
  37  5:07  SCV  
  37  5:11  Ghost  
  40  5:19  SCV  
  41  5:21  SCV  
  42  5:31  SCV  
  42  5:33  SCV  
  44  5:36  Ghost  
  46  5:49  Ghost Academy  
  46  5:53  Nuke  
  46  6:02  Supply Depot  
  46  6:05  Supply Depot x2  
  46  6:23  Ghost x2, SCV x2  
  46  6:25  Medivac  
  54  6:30  Nuke  
  54  6:35  SCV x2  
  54  6:37  Refinery x2  
  56  6:47  SCV x2  
  58  6:59  SCV x2  
  59  7:15  Nuke  
  59  7:16  Ghost  
  61  7:29  Liberator  
  61  7:33  Nuke  
  61  7:38  Command Center  
  61  7:45  Ghost, Barracks  
  61  7:48  Barracks  
  66  7:53  Ghost  
  62  8:26  Nuke  
  62  8:29  Medivac  
  62  8:32  Ghost Academy  
  64  8:35  Barracks Tech Lab  
  64  8:38  Supply Depot  
  64  8:41  Ghost Academy, Supply Depot  
  64  8:45  SCV  
  64  8:47  Orbital Command  
  65  8:56  Ghost x3  
  65  8:57  SCV  
  72  9:04  Barracks Tech Lab  
  73  9:14  Engineering Bay  
  72  9:17  Orbital Command, Engineering Bay  
  72  9:25  Ghost  
  74  9:33  Ghost x3  
  74  9:38  Nuke  
  80  10:25  Nuke x2  
  80  10:43  Marine x2  
  80  10:44  Marine x2  
  80  10:47  Medivac  
  86  10:57  SCV  
  87  10:59  Terran Infantry Armor Level 1  
  87  11:08  Barracks  
  87  11:09  SCV, Barracks x2  
  87  11:10  Starport  
  88  11:16  Medivac  
  90  11:21  SCV  
  68  11:33  SCV  
  68  11:38  SCV  
  69  11:43  SCV  
  69  11:45  SCV  
  71  11:50  SCV  
  69  11:55  SCV  
  69  12:02  SCV  
  69  12:03  Ghost  
  69  12:04  Marauder x2  
  69  12:08  SCV  
  77  12:33  Marine  
  77  12:37  SCV  
  77  12:39  Marauder, Nuke x4  
  76  12:50  Ghost  
  76  12:51  Marine  
  76  12:55  Supply Depot  
  76  12:57  Supply Depot  
  76  12:58  Supply Depot  
  74  12:59  Supply Depot  
  74  13:01  Supply Depot x3  
  70  13:18  Ghost  
  70  13:19  Marauder, Marine, Medivac  
  77  13:40  Ghost  
  79  13:49  Medivac  
  81  13:55  Nuke x2  
  81  13:56  Nuke x2  
  81  13:58  Ghost x3  
  87  14:09  Marauder  
  89  14:19  Medivac  
  91  14:26  Ghost  
  91  14:27  Marauder  
  95  14:41  Orbital Command, Refinery  
  95  14:42  Refinery  
  95  14:53  Command Center  
  95  14:54  Medivac  
  95  14:55  Command Center  
  95  14:57  Refinery  
  95  14:58  Refinery  
  97  15:10  Ghost x2  
  97  15:11  Marine x2  
  96  15:14  SCV  
  96  15:17  SCV  
  86  15:26  SCV  
  85  15:28  Marine  
  85  15:29  Marine  
  85  15:30  SCV  
  88  15:38  SCV  
  88  15:39  Ghost, Marine  
  88  15:42  SCV  
  93  15:46  Marine  
  93  15:48  Marine  
  88  16:16  SCV  
  88  16:17  SCV  
  87  16:19  SCV  
  87  16:23  SCV  
  88  16:28  Ghost  
  88  16:29  SCV, Marine  
  88  16:32  SCV  
  88  16:35  SCV  
  89  16:41  SCV  
  89  16:44  SCV  
  91  16:47  SCV  
  91  16:51  Nuke  
  91  16:52  Nuke  
  92  16:56  SCV  
  89  17:11  Ghost x3  
  86  17:17  SCV  
  85  17:25  Command Center  
  85  17:29  SCV  
  86  17:33  Orbital Command x2  
  86  17:41  SCV  
  87  17:57  Medivac  
  89  17:59  Marine x2  
  89  18:00  Ghost  
Show
View Real Time Build Order
Export as new Build Order

Ender Zerg 

Build Orders: Hatch First, Lurkers, Zergling Baneling 

Get SALT Encoding   

  12  0:01  Drone  
  13  0:13  Overlord  
  13  0:18  Drone  
  14  0:31  Drone  
  14  0:32  Drone  
  16  0:35  Drone  
  17  0:58  Drone  
  17  0:59  Hatchery  
  17  1:04  Drone  
  17  1:05  Extractor  
  17  1:08  Drone  
  18  1:23  Spawning Pool  
  17  1:29  Drone  
  18  1:51  Overlord x2  
  18  2:11  Metabolic Boost  
  18  2:15  Queen x2  
  22  2:50  Baneling Nest  
  21  2:54  Drone x6  
  27  3:00  Spore Crawler  
  25  3:23  Zergling x4  
  25  3:24  Drone, Zergling x6  
  31  3:47  Baneling x5  
  31  3:48  Baneling  
  31  4:00  Zergling x10  
  35  4:09  Zergling x2  
  33  4:10  Zergling x8  
  36  4:23  Baneling x6  
  34  4:30  Zergling x6  
  37  4:35  Baneling  
  37  4:36  Baneling x8  
  36  4:42  Zergling x2  
  36  4:43  Zergling x10  
  31  5:13  Zergling x2  
  31  5:14  Zergling x16  
  38  5:21  Spine Crawler  
  38  5:23  Spine Crawler  
  38  5:24  Baneling  
  38  5:25  Baneling x5  
  38  5:27  Drone x2  
  37  5:49  Drone x9  
  44  5:55  Lair  
  44  6:12  Overlord x2  
  44  6:13  Hatchery  
  41  6:38  Drone x10  
  50  6:45  Zergling x2  
  50  6:46  Zergling x4  
  51  6:57  Zergling x4  
  53  7:09  Drone  
  53  7:10  Hydralisk Den  
  53  7:13  Baneling x3  
  53  7:16  Extractor  
  53  7:21  Extractor  
  53  7:22  Extractor  
  50  7:25  Drone x3  
  50  7:26  Drone x3  
  56  7:30  Queen  
  56  7:31  Drone x4  
  62  7:38  Lurker Den  
  62  7:40  Hydralisk x2  
  62  7:41  Evolution Chamber  
  62  7:42  Overlord x3  
  65  8:02  Drone  
  65  8:03  Drone x8  
  65  8:05  Spine Crawler  
  73  8:07  Spine Crawler, Zerg Missile Weapons Level 1  
  73  8:12  Baneling x2  
  72  8:21  Drone x3, Extractor  
  72  8:22  Drone x3  
  72  8:23  Extractor  
  71  8:45  Spine Crawler, Hydralisk  
  71  8:46  Hydralisk x8  
  86  8:57  Hydralisk x3  
  89  9:08  Overlord x3  
  89  9:09  Overlord  
  71  9:33  Lurker x3  
  66  9:39  Hydralisk x3  
  66  9:40  Hydralisk x3  
  40  10:17  Hydralisk  
  40  10:18  Hydralisk x4  
  40  10:37  Hydralisk x3  
  40  10:38  Hydralisk  
  50  10:54  Lurker x5  
  50  10:57  Drone x6  
  59  11:04  Infestation Pit  
  58  11:21  Hydralisk x2  
  54  11:36  Hydralisk x2  
  53  12:10  Hatchery  
  28  12:57  Hatchery  
  25  13:12  Drone x9  
  34  13:16  Hatchery  
  33  13:46  Drone  
  34  13:50  Zerg Missile Weapons Level 2  
  19  14:13  Infestation Pit  
  19  14:16  Evolution Chamber  
  17  14:22  Queen, Drone x5  
  24  14:24  Queen  
  26  14:33  Queen  
  26  14:35  Drone  
  27  14:43  Zerg Melee Weapons Level 1  
  32  14:45  Drone x5  
  32  14:48  Extractor  
  30  15:03  Spore Crawler  
  29  15:13  Drone x3, Extractor  
  29  15:14  Drone x3  
  33  15:17  Drone x3  
  33  15:20  Hive  
  37  15:33  Drone x3  
  40  15:54  Drone  
  40  15:56  Drone x5  
  46  15:58  Extractor  
  46  16:03  Extractor  
  44  16:14  Zerg Ground Armor Level 1  
  44  16:24  Zergling x2  
  44  16:25  Zergling x28  
  55  16:26  Zergling x8  
  63  16:37  Adrenal Glands  
  63  16:44  Ultralisk Cavern  
  62  17:02  Baneling x2  
  61  17:21  Drone x3  
  61  17:22  Drone x3  
  67  17:25  Queen  
  67  17:27  Drone x4  
  67  17:28  Hatchery  
  72  17:34  Overlord x3  
  72  17:35  Overlord  
  72  17:50  Spore Crawler  
  71  17:52  Spine Crawler  
Show
View Real Time Build Order
Export as new Build Order

Tsakal Zerg 

Build Orders: Pool First 

Get SALT Encoding   

  12  0:01  Drone  
  13  0:10  Extractor  
  13  0:11  Drone  
  13  0:15  Drone  
  14  0:25  Drone, Extractor  
  15  0:39  Spawning Pool  
  14  0:46  Overlord  
  14  0:59  Extractor  
  14  1:00  Drone  
  15  1:06  Drone x2  
  17  1:28  Metabolic Boost  
  17  1:30  Queen  
  17  1:32  Zergling x4  
  21  1:36  Zergling x2  
  22  1:47  Overlord  
  22  2:09  Zergling x4  
  24  2:19  Hatchery  
  23  2:31  Zergling x4  
  25  2:51  Zergling x8  
  28  3:10  Zergling x2  
  28  3:11  Zergling x2  
  26  3:27  Zergling x2  
  26  3:28  Zergling x4  
  26  3:46  Zergling x2  
  26  4:01  Queen  
  26  4:02  Drone x3  
  31  4:09  Drone x3  
  33  4:12  Extractor  
  33  4:15  Lair  
  29  4:33  Drone x2  
  29  4:36  Drone x2  
  29  4:37  Drone  
  30  4:55  Spore Crawler  
  30  4:58  Drone x3  
  32  5:02  Spore Crawler  
  31  5:12  Zergling x8  
  35  5:21  Drone  
  33  5:57  Drone  
  33  5:58  Drone  
  33  5:59  Overlord x2  
  33  6:00  Overlord x2  
  35  6:04  Extractor  
  35  6:06  Extractor  
  35  6:07  Drone  
  35  6:09  Drone  
  35  6:11  Overlord  
  35  6:12  Hatchery  
  34  6:45  Drone  
  34  6:46  Drone x4  
  38  7:05  Spine Crawler  
  38  7:07  Spine Crawler  
  38  7:08  Zergling x8  
  38  7:09  Zergling x8  
  44  7:17  Spine Crawler  
  44  7:21  Spine Crawler  
  44  7:22  Zergling x4  
  44  7:23  Zergling x8  
  48  7:35  Spire  
  47  7:37  Drone x2  
  22  8:00  Zergling x12  
  22  8:01  Zergling x8  
  27  8:23  Zergling x2  
  27  8:24  Zergling x2  
  28  8:38  Zergling x8  
  32  8:51  Mutalisk  
  34  8:59  Hatchery  
  33  9:07  Mutalisk x3  
  33  9:08  Mutalisk  
  41  9:35  Hatchery  
Show
View Real Time Build Order
Export as new Build Order

tigas Protoss 

Build Orders: Nexus First 

Get SALT Encoding   

  12  0:23  Probe (Chrono Boost)  
  13  0:30  Pylon  
  13  0:34  Probe (Chrono Boost)  
  14  0:44  Probe (Chrono Boost)  
  15  0:55  Probe (Chrono Boost)  
  16  1:02  Nexus  
  16  1:16  Gateway  
  16  1:17  Probe (Chrono Boost)  
  17  1:27  Probe (Chrono Boost)  
  17  1:32  Assimilator  
  18  1:33  Assimilator  
  18  1:38  Probe (Chrono Boost)  
  19  1:47  Pylon  
  19  1:58  Probe (Chrono Boost)  
  20  2:05  Forge  
  21  2:08  Probe (Chrono Boost)  
  21  2:14  Cybernetics Core  
  21  2:15  Probe (Chrono Boost)  
  22  2:28  Probe (Chrono Boost)  
  24  2:30  Probe (Chrono Boost)  
  25  2:53  Mothership Core (Chrono Boost)  
  26  3:01  Pylon  
  19  5:35  Pylon  
  19  5:37  Pylon  
  19  5:50  Probe (Chrono Boost)  
  19  5:51  Probe (Chrono Boost)  
  19  5:57  Assimilator  
  21  6:00  Assimilator  
  21  6:01  Probe x2 (Chrono Boost)  
  23  6:11  Probe (Chrono Boost)  
  23  6:12  Probe (Chrono Boost)  
  25  6:22  Probe x2 (Chrono Boost)  
  27  6:29  Gateway, Photon Cannon  
  28  6:33  Probe x2 (Chrono Boost)  
  28  6:35  Photon Cannon  
  29  6:43  Probe x2 (Chrono Boost)  
  31  6:50  Pylon  
  31  6:54  Probe x2 (Chrono Boost)  
  33  7:01  Pylon  
  33  7:04  Probe (Chrono Boost)  
  34  7:09  Stargate  
  34  7:10  Stargate  
  34  7:15  Probe (Chrono Boost)  
  35  7:25  Probe (Chrono Boost)  
  36  7:32  Photon Cannon  
  36  7:34  Photon Cannon  
  36  7:36  Probe (Chrono Boost)  
  37  7:39  Pylon  
  37  7:42  Photon Cannon  
  37  7:46  Pylon  
  37  7:48  Protoss Air Weapons Level 1  
  37  8:04  Probe x2 (Chrono Boost)  
  39  8:15  Probe x2 (Chrono Boost)  
  41  8:21  Void Ray  
  41  8:25  Probe x2 (Chrono Boost)  
  41  8:26  Void Ray  
  51  8:37  Probe (Chrono Boost)  
  51  8:39  Protoss Shields Level 1  
  53  8:48  Stargate  
  53  8:49  Probe (Chrono Boost)  
  53  9:00  Pylon  
  53  9:01  Photon Cannon, Probe (Chrono Boost)  
  54  9:07  Pylon  
  54  9:29  Void Ray x2  
  54  9:33  Protoss Air Armor Level 1  
  54  9:40  Void Ray  
  58  10:10  Void Ray  
  58  10:11  Void Ray  
  66  10:17  Void Ray  
  66  10:53  Void Ray x2  
  66  10:55  Void Ray  
  78  11:06  Pylon  
  78  11:27  Stargate  
  78  11:32  Void Ray  
  78  11:36  Pylon, Void Ray x2  
  78  11:37  Pylon  
  78  12:09  Void Ray  
  82  12:16  Void Ray  
  82  12:19  Void Ray x2  
  94  12:46  Void Ray  
  90  12:59  Void Ray  
  90  13:02  Void Ray x2  
  102  13:23  Void Ray  
  106  13:41  Void Ray  
  106  13:44  Void Ray  
  102  14:20  Void Ray  
  90  14:25  Void Ray  
  90  14:26  Void Ray  
  90  14:27  Void Ray  
  90  15:32  Void Ray  
  90  15:38  Void Ray x3  
  102  16:10  Void Ray  
  106  16:21  Void Ray x2  
Tags
 
Add a new tag
Caveats
  • Supply blocks, unpowered buildings, or Contaminate may cause inaccurate times.
  • Supply counts are checked every 10 seconds.